 Dungeon Crawl Stone Soup version 0.28-a0-793-g31680bbd8b (webtiles) character file.

Game seed: 17190001364799422260

35 ytrimaz the Ducker (level 3, -3/26 HPs)
             Began as an Octopode Fighter on Nov 4, 2021.
             Slain by a gnoll (7 damage)
             ... on level 2 of the Dungeon.
             The game lasted 00:00:52 (990 turns).

ytrimaz the Ducker (Octopode Fighter)                Turns: 990, Time: 00:00:53

Health: -3/26      AC:  1    Str: 16    XL:     3   Next: 33%
Magic:  12/12      EV: 13    Int: 10    God:
Gold:   56         SH:  4    Dex: 11    Spells: 2/2 levels left

rFire   . . .      SeeInvis .     - Unarmed
rCold   . . .      Faith    .   a - +0 buckler
rNeg    . . .      Spirit   .   (helmet restricted)
rPois   .          Reflect  .   (no amulet)
rElec   .          Harm     .   e - ring of willpower
rCorr   .          Rampage  .   d - ring of magical power
Will    +....                   (no ring)
Stlth   ++........              (no ring)
HPRegen 0.08/turn               (no ring)
MPRegen 0.13/turn               (no ring)
                                (no ring)
                                (no ring)

@: no status effects
A: almost no armour, amphibious, 8 rings, camouflage 1, gelatinous body 1,
(nimble swimmer 1), tentacles
a: no special abilities


You were on level 2 of the Dungeon.
You visited 1 branch of the dungeon, and saw 2 of its levels.

You collected 56 gold pieces.

Inventory:

Armour
 a - a +0 buckler (worn)
Jewellery
 d - a ring of magical power (right tentacle)
 e - a ring of willpower (left tentacle)
Scrolls
 f - a scroll of magic mapping {unknown}
 g - a scroll of identify {unknown}
 h - a scroll of noise {unknown}
Potions
 b - a potion of might
 c - a potion of heal wounds {unknown}


   Skills:
 + Level 3.3 Fighting
 + Level 3.3 Dodging
 + Level 3.3 Shields
 * Level 2.5 Unarmed Combat


You had 2 spell levels left.
You didn't know any spells.
Your spell library contained the following spells:

 Spells                   Type           Power      Damage    Failure   Level
 Magic Dart               Conj           0%         1d3       38%         1
 Call Imp                 Summ           0%         N/A       52%         2
 Mephitic Cloud           Conj/Pois/Air  0%         N/A       77%         3


Dungeon Overview and Level Annotations

Branches:
Dungeon (2/15)

Altars:


Innate Abilities, Weirdness & Mutations

You cannot wear most types of armour.
You are amphibious.
You can wear up to eight rings at the same time.
Your skin changes colour to match your surroundings (Stealth+).
Your rubbery body absorbs attacks. (AC +1, EV +1)
((You are camouflaged near water. (Stealth+)))
You have tentacles for arms and can constrict up to eight enemies at once.


Message History

You feel stronger.
Things that are here:
a +0 antimagic flail; a gnoll corpse You start resting.
Magic restored.
You start resting.
HP restored.
There is a stone staircase leading down here.
You climb downwards.
There is a stone staircase leading up here.
A gnoll is nearby!
A gnoll is nearby!
A gnoll is nearby!
The gnoll shouts!
You hear a shout!
No target in view!
No target in view!
No target in view!
No target in view!
No target in view!
No target in view!
The gnoll hits you with a +0 halberd!
You tentacle-slap the gnoll. Your grab misses the gnoll.
The gnoll is lightly wounded.
You closely miss the gnoll. You grab the gnoll.
You squeeze the gnoll, but do no damage.
The gnoll is lightly wounded.
You constrict the gnoll. The gnoll hits you with a +0 halberd!
Ouch! That really hurt!
* * * LOW HITPOINT WARNING * * *
You tentacle-slap the gnoll.
The gnoll is heavily wounded.
You constrict the gnoll. You block the gnoll's attack.
Unknown command.
You tentacle-slap the gnoll but do no damage.
You squeeze the gnoll.
You kill the gnoll!
Unknown command.
Found an escape hatch in the ceiling.
The gnoll hits you from afar with a +0 spear!
You die...

.##.....##...#..#
........##...#..#
.##.....##...#..#
.##......)......#
.##.....##...##.#
................#
.##.....)#...#g.##
....###..#...#...#
.............#..@#
........................
###.###..##..#.......##<
# #.# #.. #..#...#...# #
# #.. #..#...#...# # #.
........# ...... ...
#####.# ....


You could see a gnoll.

Vanquished Creatures
  2 gnolls
  2 ball pythons (D:1)
  2 endoplasms
  A giant cockroach (D:1)
  A goblin (D:1)
  2 hobgoblins (D:1)
  3 bats
  2 rats (D:1)
15 creatures vanquished.

Notes
Turn   | Place    | Note
-------+----------+-------------------------------------------
     0 | D:1      | ytrimaz the Octopode Fighter began the quest for the Orb.
     0 | D:1      | Reached XP level 1. HP: 16/16 MP: 1/1
   273 | D:1      | Reached XP level 2. HP: 21/21 MP: 2/2
   377 | D:1      | Found a faded altar of an unknown god.
   848 | D:1      | Reached XP level 3. HP: 18/26 MP: 3/3
   990 | D:2      | Slain by a gnoll

Illustrated notes

Levels and vault maps discovered:
D:1:      dpeg_arrival_tiny_k, layout_loops_ring,
          hellmonk_ecumenical_altar_lost_god, serial_glass, glass_columns_b,
          glass_columns_c, glass_columns_b, glass_columns_b, glass_columns_b,
          glass_columns_a, glass_columns_a, glass_columns_b
D:2:      minmay_alternating_diamond, layout_basic, basic_altar,
          kennysheep_generic_room_4

Action                   || total
-------------------------++-------
Melee: Unarmed           ||    31
       Constrict         ||     9
       Tentacles         ||     7
 Stab: Sleeping          ||     2
Armor: Skin              ||     2
Dodge: Dodged            ||    14
Block: Buckler           ||     3

Table legend: (Time is in decaauts)
 A = Elapsed time spent in this place.
 B = Non-inter-level travel time spent in this place.
 C = Inter-level travel time spent in this place.
 D = Time resting spent in this place.
 E = Time spent auto-exploring this place.
 F = Levels seen in this place.
 G = Mean time per level.
                   A        B        C        D        E       F      G
               +--------+--------+--------+--------+--------+-----+--------+
         Total |    989 |    969 |     20 |     92 |    735 |   2 |  494.5 |
       Dungeon |    989 |    969 |     20 |     92 |    735 |   2 |  494.5 |
               +--------+--------+--------+--------+--------+-----+--------+

Top non-repeatable levels by time:
     D:1: 833 daAuts
     D:2: 155 daAuts
